 Dungeon Crawl Stone Soup version 0.25-a0-38-g099c3e1 (webtiles) character file.

Game seed: 6076483138532387481, levelgen mode: deterministic

487 BoppinsLewinski the Chopper (level 6, 0/57 HPs)
             Began as a Deep Dwarf Monk on Oct 21, 2019.
             Slain by an orc
             ... wielding a +0 flail of protection
              (2 damage)
             ... on level 4 of the Dungeon.
             The game lasted 00:10:48 (3019 turns).

BoppinsLewinski the Chopper (Deep Dwarf Monk)       Turns: 3019, Time: 00:10:48

Health: 0/57       AC: 11    Str: 17    XL:     6   Next: 89%
Magic:  5/5        EV:  8    Int: 10    God:
Gold:   190        SH:  0    Dex: 15    Spells: 5/5 levels left

rFire    x . .     SeeInvis .   a - +0 hand axe
rCold    + . .     Gourm    .   (no shield)
rNeg     . . .     Faith    .   h - +0 chain mail
rPois    .         Spirit   .   (no helmet)
rElec    .         Reflect  .   i - +1 cloak
rCorr    .         Harm     .   r - +0 pair of gloves
MR       +....                  (no boots)
Stlth    ..........             (no amulet)
HPRegen  0.00/turn              e - ring of protection from magic
MPRegen  0.09/turn              s - ring of ice (curse)

@: non-regenerating, heavily drained
A: damage resistance, heal wounds, sense surroundings 1, no regeneration
a: Heal Wounds


You were on level 4 of the Dungeon.
You were not hungry.

You visited 2 branches of the dungeon, and saw 5 of its levels.

You collected 190 gold pieces.

Inventory:

Hand Weapons
 a - a +0 hand axe (weapon)
Armour
 h - a +0 chain mail (worn)
 i - a +1 cloak (worn)
 r - a +0 pair of gloves (worn)
Jewellery
 e - a ring of protection from magic (left hand)
 s - a cursed ring of ice (right hand)
 u - an uncursed amulet of rage {unknown}
 v - an uncursed ring of positive energy
Scrolls
 b - a scroll of remove curse {unknown}
 d - 2 scrolls of identify {unknown}
 f - a scroll of enchant armour {unknown}
 g - 2 scrolls of teleportation {unknown}
 k - a scroll of fear {unknown}
 m - 2 scrolls of blinking {unknown}
 n - 2 scrolls of enchant weapon {unknown}
 o - a scroll of magic mapping {unknown}
Potions
 p - a potion of curing
 t - a potion of berserk rage {unknown}
 w - a potion of cancellation
Comestibles
 c - 6 rations


   Skills:
 + Level 3.9(1.6) Fighting
 * Level 6.0(3.6) Axes
 + Level 3.2(0.9) Armour
 + Level 4.8(2.4) Dodging
 - Level 2.4(0.2) Stealth


You had 5 spell levels left.
You didn't know any spells.
Your spell library contained the following spells:

 Spells                   Type           Power        Failure   Level  Hunger
 Confusing Touch          Hex            #.....       100%        1    ##.....
 Confuse                  Hex            #.......     100%        3    ####...
 Gell's Gravitas          Tloc           #.........   100%        3    ####...
 Petrify                  Tmut/Erth      #.......     100%        4    #####..
 Metabolic Englaciation   Hex/Ice        #.........   100%        5    ######.
 Yara's Violent Unravell  Hex/Tmut       #.........   100%        5    ######.


Dungeon Overview and Level Annotations

Branches:
Dungeon (4/15)             Temple (1/1) D:4

Altars:
Ashenzari
Cheibriados
Elyvilon
Fedhas
Gozag
Kikubaaqudgha
Nemelex Xobeh
Okawaru
Qazlal
Ru
Trog
Uskayaw
Wu Jian
Xom
Zin
The Shining One


Innate Abilities, Weirdness & Mutations

You are resistant to damage.
You can heal yourself by infusing magical energy.
You passively map a small area around you.
You do not regenerate.


Message History

Tha orc hits ye but does nay damage.
Tha orc closely misses ye.
Tha orc hits ye but does nay damage.
Tha orc hits ye but does nay damage.
Tha orc hits ye but does nay damage.
Tha orc closely misses ye.
Tha orc hits ye wit' a +0 flail o' protection.
Tha orc hits ye wit' a +0 flail o' protection.
* * * LOW HITPOINT WARNIN'
* * * Tha orc closely misses ye.
Tha orc barely misses ye.
Tha orc hits ye but does nay damage.
Tha orc hits ye wit' a +0 flail o' protection.
* * * LOW HITPOINT WARNIN'
* * * Tha orc hits ye wit' a +0 flail o' protection.
* * * LOW HITPOINT WARNIN'
* * * Tha orc hits ye wit' a +0 flail o' protection.
* * * LOW HITPOINT WARNIN'
* * * Tha orc hits ye wit' a +0 flail o' protection.
Ye die...

..........#..##
.............#
.##.......#.##
.##.##..).#.#
.##.......#.######## ..
#......#<.......# #
...,..#........###.. ...
.#...##...####.####..[..
..... #..@ooo....
,,*#.## , ######..... *
*# * ... , * ,,. , * * *
* **


You could see 3 orcs.

Vanquished Creatures
  An ogre (D:4)
  A bullfrog (D:3)
  A scorpion (D:4)
  A hound (D:4)
  Crazy Yiuf (D:3)
  A centaur skeleton (D:4)
  Jessica (D:3)
  2 worker ants
  A gnoll (D:1)
  2 adders
  An ooze (D:1)
  7 worms
  3 leopard geckos
  2 orcs (D:4)
  6 giant cockroaches
  4 goblins
  6 hobgoblins
  9 jackals
  15 kobolds
  2 quokkas
  A ball python (D:3)
  11 bats
  5 frilled lizards
  7 rats
  A plant (D:3)
92 creatures vanquished.

Notes
Turn   | Place    | Note
-------+----------+-------------------------------------------
     0 | D:1      | BoppinsLewinski the Deep Dwarf Monk began the quest for the
                  | Orb.
     0 | D:1      | Reached XP level 1. HP: 20/20 MP: 1/1
    69 | D:1      | Reached XP level 2. HP: 27/27 MP: 2/2
   272 | D:1      | Reached skill level 1 in Armour
   348 | D:1      | Reached XP level 3. HP: 23/33 MP: 3/3
   462 | D:1      | Reached skill level 4 in Axes
   775 | D:2      | Reached XP level 4. HP: 20/42 MP: 4/4
  1191 | D:3      | Noticed a bullfrog
  1551 | D:3      | Killed a bullfrog
  1551 | D:3      | Reached XP level 5. HP: 25/49 MP: 4/4
  1668 | D:3      | Reached skill level 5 in Axes
  1780 | D:3      | Noticed Jessica
  1799 | D:3      | Killed Jessica
  1831 | D:3      | Found a runed translucent door.
  1832 | D:3      | Noticed Crazy Yiuf
  2301 | D:3      | Killed Crazy Yiuf
  2362 | D:3      | Reached XP level 6. HP: 51/56 MP: 5/5
  2368 | D:4      | Found a staircase to the Ecumenical Temple.
  2387 | Temple   | Entered the Ecumenical Temple
  2833 | D:4      | Reached skill level 6 in Axes
  3017 | D:4      | HP: 2/57 [orc/+0 flail of protection (4)]
  3019 | D:4      | Slain by an orc

Levels and vault maps discovered:
D:1:      shiori_arrival_maze, layout_rooms
D:2:      layout_basic
D:3:      layout_loops_ring, lexackson_kobold_supper, uniq_jessica,
          uniq_crazy_yiuf_cottage
D:4:      layout_rooms, minmay_temple_entry_butterflies, first_ration,
          uniq_pikel
Temple:   nicolae_temple_elliptical

Skill      XL: |  1  2  3  4  5  6 |
---------------+-------------------+-----
Armour         | 1 2 3 |  3.2
Fighting       | 3 |  3.9
Axes           | 4 5 6 |  6.0
Dodging        | 4 |  4.8
Stealth        | |  2.4

Action                   |  1- 3 |  4- 6 || total
-------------------------+-------+-------++-------
Melee: Hand axe          |   174 |   298 ||   472
 Abil: Heal Wounds       |     2 |     5 ||     7
  Use: Potion            |     1 |     5 ||     6
 Stab: Sleeping          |     4 |       ||     4
  Eat: Chunk             |       |     5 ||     5
       Ration            |       |     1 ||     1
Armor: Robe              |    22 |       ||    22
       Leather armour    |    22 |       ||    22
       Chain mail        |     5 |   147 ||   152
       Skin              |       |    24 ||    24
Dodge: Dodged            |   148 |   101 ||   249

Table legend:
 A = Non-vault XP
 B = Vault XP
 C = Vault XP percentage of total XP
 D = Non-vault monster count
 E = Vault monster count
 F = Vault count percentage of total count
                 A         B        C        D         E       F
            +---------+---------+-------+---------+---------+-------
      Total |     603 |      93 |  13.4 |      79 |      12 |  13.2
            +---------+---------+-------+---------+---------+-------
        D:1 |      65 |       3 |   4.4 |      27 |       2 |   6.9
        D:2 |      77 |       0 |   0.0 |      31 |       0 |   0.0
        D:3 |     153 |      90 |  37.0 |      12 |      10 |  45.5
        D:4 |     308 |       0 |   0.0 |       9 |       0 |   0.0
            +---------+---------+-------+---------+---------+-------
